[Event "ICC tourney 2128 (3 2)"]
[Site "Internet Chess Club"]
[Date "2020.11.13"]
[Round "9"]
[White "lucachesschess"]
[Black "Mozart1"]
[Result "0-1"]
[ICCResult "White resigns"]
[WhiteElo "1434"]
[BlackElo "1673"]
[Opening "QGD: Harrwitz attack"]
[ECO "D35"]
[NIC "QO.16"]
[Time "21:54:22"]
[TimeControl "180+2"]

1. d4 d5 2. c4 e6 3. Nc3 Nf6 4. Bf4 Bd6 5. Bg3 Bxg3 6. hxg3 b6 7. Nf3 Bb7 8.
e3 c5 9. Qc2 Nc6 10. cxd5 exd5 11. dxc5 bxc5 12. O-O-O Nb4 13. Qb1 a6 14. a3
Rc8 15. Be2 O-O 16. e4 Qe7 17. e5 Ne4 18. Nxe4 dxe4 19. Nd2 Qxe5 20. axb4
cxb4+ 21. Nc4 Bd5 22. Qc2 Bxc4 23. Bxc4 b3 24. Qxb3 Qc5 25. Rhe1 Qxc4+ 26.
Qxc4 Rxc4+ 27. Kb1 Rfc8 28. Rd2 g6 29. Rde2 Re8 30. f3 f5 31. g4 Kf7 32.
gxf5 gxf5 33. fxe4 Rcxe4 34. Rxe4 Rxe4 35. Rf1 Ke6 36. Kc1 Re2 37. Rg1 h5
38. Kb1 Ke5 39. Ka2 Ke4 40. Kb3 f4 41. Kc3 Ke3 42. Rh1 Rxg2 43. Rxh5 f3 44.
Re5+ Kf2 45. Kd2 Kg1+ 46. Kd1 f2 {White resigns} 0-1

[Event "ICC tourney 2128 (3 2)"]
[Site "Internet Chess Club"]
[Date "2020.11.13"]
[Round "9"]
[White "smashattack"]
[Black "Tombstone"]
[Result "0-1"]
[ICCResult "White resigns"]
[WhiteElo "1493"]
[BlackElo "1737"]
[Opening "QGD semi-Slav"]
[ECO "D43"]
[NIC "SL.03"]
[Time "21:54:25"]
[TimeControl "180+2"]

1. d4 d5 2. c4 c6 3. Nf3 Nf6 4. Nc3 e6 5. Bg5 h6 6. Bh4 dxc4 7. e4 g5 8. Bg3
b5 9. a3 Bb7 10. Be2 Nbd7 11. O-O Bg7 12. Ne5 O-O 13. f4 Nxe5 14. fxe5 Nd7
15. Bh5 a6 16. Qg4 Qe7 17. h4 c5 18. hxg5 hxg5 19. d5 Nxe5 20. Bxe5 Bxe5 21.
Rf3 exd5 22. exd5 Bd4+ 23. Kh1 Bc8 24. Qg3 Be5 25. Qf2 Kg7 26. Rf1 f6 27.
Qc2 f5 28. g4 Rh8 29. Rxf5 Bxf5 30. Qxf5 Rh6 31. Re1 Re8 32. Kg2 Qf8 33.
Bxe8 Rh2+ 34. Kf1 Rh1+ 35. Kf2 Rxe1 36. Qxf8+ Kxf8 37. Kxe1 Bxc3+ 38. bxc3
Kxe8 39. Ke2 Ke7 40. Ke3 Kd6 41. Ke4 a5 42. Kf5 b4 43. cxb4 cxb4 44. Kxg5
bxa3 {White resigns} 0-1

[Event "ICC tourney 2128 (3 2)"]
[Site "Internet Chess Club"]
[Date "2020.11.13"]
[Round "9"]
[White "PearsonH"]
[Black "Kinawa"]
[Result "1-0"]
[ICCResult "Black resigns"]
[WhiteElo "1415"]
[BlackElo "1389"]
[Opening "Queen's pawn: London system"]
[ECO "A45"]
[NIC "QP.07"]
[Time "21:54:27"]
[TimeControl "180+2"]

1. d4 Nf6 2. Bf4 b6 3. e3 Bb7 4. Nf3 d6 5. Nbd2 g6 6. Be2 Bg7 7. O-O O-O 8.
h3 Nbd7 9. c3 Re8 10. Qc2 e5 11. dxe5 dxe5 12. Bh2 Qe7 13. e4 Nc5 14. Nxe5
Nfxe4 15. Nxe4 Bxe4 16. Nd3 Rad8 17. Rad1 Bxg2 18. Kxg2 Qxe2 19. Qxe2 Rxe2
20. Nxc5 Rxd1 21. Rxd1 bxc5 22. Rd8+ Bf8 23. Bxc7 Kg7 24. c4 Be7 25. Rd5
Rxb2 26. Be5+ Bf6 27. Bxb2 Bxb2 28. Rxc5 Bd4 29. Rd5 Bb6 30. c5 Bc7 31. Rd7
Bb8 32. c6 Kf6 33. c7 Bxc7 34. Rxc7 Ke6 35. Rxa7 h6 36. a4 f5 37. a5 g5 38.
a6 Kd6 39. Rh7 Kc6 40. a7 {Black resigns} 1-0

[Event "ICC tourney 2128 (3 2)"]
[Site "Internet Chess Club"]
[Date "2020.11.13"]
[Round "9"]
[White "A4-H5"]
[Black "ritterfork"]
[Result "1-0"]
[ICCResult "Black forfeits on time"]
[WhiteElo "1850"]
[BlackElo "1430"]
[Opening "King's Indian: Petrosian system"]
[ECO "E92"]
[NIC "KI.17"]
[Time "21:54:25"]
[TimeControl "180+2"]

1. c4 Nf6 2. Nc3 g6 3. e4 d6 4. d4 Bg7 5. Nf3 O-O 6. Be2 e5 7. d5 Na6 8. O-O
Nc5 9. Qc2 a5 10. b3 Bd7 11. Re1 h6 12. a3 Qe7 13. Bd2 Bg4 14. b4 axb4 15.
axb4 Rxa1 16. Rxa1 Na6 17. Nd1 Ne8 18. Ne3 Bxf3 19. Bxf3 Nb8 20. c5 Nd7 21.
Bg4 Nef6 22. Bxd7 Nxd7 23. cxd6 Qxd6 24. g3 c6 25. dxc6 bxc6 26. Rc1 Rc8 27.
Nc4 Qe6 28. Ne3 Nf8 29. b5 c5 30. Qc4 Qd7 31. Nd5 Qb7 32. Be3 Ne6 33. b6 Bf8
34. Ra1 Ra8 35. Rb1 Ra5 36. Nf6+ Kg7 37. Nd5 Bd6 38. Kg2 h5 39. h4 Nd8 40.
Bd2 Ra3 41. Bc1 Ra6 42. Bg5 Ne6 43. Bf6+ Kf8 44. Qc1 Nd4 45. Qh6+ Ke8 46.
Qh8+ Kd7 47. Qd8+ Kc6 48. Rc1 Ne6 49. Qe8+ Qd7 50. Nb4+ Kb5 51. Qxd7+ Kxb4
52. Rb1+ Kc4 53. b7 Kd4 54. b8=Q {Black forfeits on time} 1-0

[Event "ICC tourney 2128 (3 2)"]
[Site "Internet Chess Club"]
[Date "2020.11.13"]
[Round "9"]
[White "moneymo"]
[Black "SBomm18"]
[Result "0-1"]
[ICCResult "White resigns"]
[WhiteElo "1647"]
[BlackElo "1776"]
[Opening "Sicilian: Alapin's variation (2.c3)"]
[ECO "B22"]
[NIC "SI.46"]
[Time "21:55:19"]
[TimeControl "180+2"]

1. e4 c5 2. c3 g6 3. d4 cxd4 4. cxd4 d5 5. e5 Nc6 6. f4 h5 7. h3 Bf5 8. Nc3
e6 9. g3 Bb4 10. Kf2 Bxc3 11. bxc3 Be4 12. Nf3 Nge7 13. Bd3 Bxd3 14. Qxd3
Nf5 15. Bd2 Qd7 16. g4 hxg4 17. hxg4 Rxh1 18. Rxh1 O-O-O 19. gxf5 gxf5 20.
Ng5 Rg8 21. Rh7 Nd8 22. c4 Qa4 23. cxd5 exd5 24. Qxf5+ Kb8 25. Qd3 Qd1 26.
Qc3 Ne6 27. Rxf7 Rh8 28. Nh7 Rg8 29. Ng5 Qh5 30. Ke1 Rc8 31. Nxe6 Rxc3 32.
Rf8+ Rc8 33. Rxc8+ Kxc8 34. Nc5 b6 35. Na6 Qh1+ 36. Ke2 Qe4+ 37. Be3 Qc2+
38. Kf3 Qd1+ 39. Kf2 Qb1 40. a3 Qb2+ 41. Kf3 Qxa3 42. Nc5 bxc5 43. e6 cxd4
44. f5 Qxe3+ {White resigns} 0-1

[Event "ICC tourney 2128 (3 2)"]
[Site "Internet Chess Club"]
[Date "2020.11.13"]
[Round "9"]
[White "bopala"]
[Black "Adityaki05"]
[Result "1/2-1/2"]
[ICCResult "Game drawn because neither player has mating material"]
[WhiteElo "1390"]
[BlackElo "1367"]
[Opening "Modern defense"]
[ECO "A40"]
[NIC "QO.17"]
[Time "21:54:59"]
[TimeControl "180+2"]

1. d4 g6 2. c4 Bg7 3. Nc3 e6 4. Nf3 Ne7 5. e3 d5 6. Be2 O-O 7. O-O c5 8.
cxd5 cxd4 9. exd4 exd5 10. Bg5 Nbc6 11. Rc1 Bg4 12. Bxe7 Qxe7 13. Nxd5 Qd8
14. Ne3 Bxf3 15. Bxf3 Qxd4 16. Bxc6 Qxd1 17. Rfxd1 bxc6 18. Rxc6 Bxb2 19.
Rd7 Rfc8 20. Rcc7 Rxc7 21. Rxc7 Bd4 22. Nc4 Rb8 23. g3 Rb1+ 24. Kg2 Ra1 25.
Rc8+ Kg7 26. a3 Ra2 27. Rc7 Rxf2+ 28. Kh3 Rf6 29. Rd7 Bc5 30. Rc7 Bb6 31.
Nxb6 axb6 32. Rb7 Rc6 33. Kg2 Kf6 34. Kh3 Ke6 35. Kg2 h6 36. Kh3 f5 37. g4
Rc3+ 38. Kh4 Rxa3 39. Rxb6+ Kf7 40. gxf5 gxf5 41. Rxh6 Ra4+ 42. Kg5 f4 43.
Rf6+ Kg7 44. Rxf4 Ra5+ 45. Kg4 Ra2 46. h4 Rg2+ 47. Kh3 Rg6 48. Rg4 Rxg4 49.
Kxg4 Kh6 50. Kf5 Kh5 51. Kf4 Kxh4
{Game drawn because neither player has mating material}
1/2-1/2

[Event "ICC tourney 2128 (3 2)"]
[Site "Internet Chess Club"]
[Date "2020.11.13"]
[Round "10"]
[White "smashattack"]
[Black "yogokings12"]
[Result "1-0"]
[ICCResult "Black resigns"]
[WhiteElo "1512"]
[BlackElo "1543"]
[Opening "Grünfeld: modern exchange variation"]
[ECO "D85"]
[NIC "GI.04"]
[Time "22:05:41"]
[TimeControl "180+2"]

1. d4 Nf6 2. c4 g6 3. Nc3 d5 4. cxd5 Nxd5 5. e4 Nxc3 6. bxc3 Bg7 7. Nf3 c5
8. Be3 Nc6 9. Be2 O-O 10. O-O Bg4 11. Rb1 cxd4 12. cxd4 b6 13. d5 Ne5 14.
Nxe5 Bxe2 15. Qxe2 Bxe5 16. Bh6 Bg7 17. Bxg7 Kxg7 18. Rfd1 Rc8 19. Rbc1 Qd7
20. Qb2+ Kg8 21. Qd4 Rfd8 22. h3 f6 23. Rxc8 Rxc8 24. d6 exd6 25. Qxf6 Rd8
26. e5 d5 27. e6 Qd6 28. Qf7+ Kh8 29. e7 {Black resigns} 1-0

[Event "ICC tourney 2128 (3 2)"]
[Site "Internet Chess Club"]
[Date "2020.11.13"]
[Round "10"]
[White "ritterfork"]
[Black "pari538"]
[Result "1-0"]
[ICCResult "Black checkmated"]
[WhiteElo "1438"]
[BlackElo "1174"]
[Opening "Hungarian defense"]
[ECO "C50"]
[NIC "IG.03"]
[Time "22:06:03"]
[TimeControl "180+2"]

1. e4 e5 2. Nf3 Nc6 3. Bc4 Be7 4. O-O Nf6 5. Re1 d6 6. h3 O-O 7. c3 Na5 8.
Bf1 Be6 9. d4 exd4 10. cxd4 b6 11. Nc3 Nb7 12. Bf4 c5 13. Qd2 cxd4 14. Nxd4
Bd7 15. Rad1 Rc8 16. Bb5 Bxb5 17. Ndxb5 d5 18. exd5 Bb4 19. a3 Bxc3 20. Nxc3
Nc5 21. d6 Nb7 22. d7 Rc7 23. Bxc7 Qxc7 24. Nd5 Nxd5 25. Qxd5 Nd8 26. Re8 h6
27. Rde1 Qc6 28. Rxf8+ Kxf8 29. Re8# {Black checkmated} 1-0

[Event "ICC tourney 2128 (3 2)"]
[Site "Internet Chess Club"]
[Date "2020.11.13"]
[Round "10"]
[White "Kinawa"]
[Black "lucachesschess"]
[Result "0-1"]
[ICCResult "White forfeits on time"]
[WhiteElo "1375"]
[BlackElo "1448"]
[Opening "Sicilian: dragon, Yugoslav attack, 9.Bc4"]
[ECO "B77"]
[NIC "SI.18"]
[Time "22:05:43"]
[TimeControl "180+2"]

1. e4 c5 2. Nf3 Nc6 3. d4 cxd4 4. Nxd4 Nf6 5. Nc3 d6 6. f3 g6 7. Be3 Bg7 8.
Bc4 O-O 9. Qd2 e6 10. O-O-O d5 11. exd5 exd5 12. Bb3 Nxd4 13. Bxd4 Be6 14.
g4 a6 15. h4 Rc8 16. h5 b5 17. hxg6 fxg6 18. g5 Nd7 19. Qh2 h5 20. gxh6 Bxd4
21. Rxd4 Kh7 22. Nxd5 Rxf3 23. Rf4 Bxd5 24. Bxd5 Qg5 25. Bxf3 Rf8 26. Qd2
Rxf4 27. Qxd7+ Rf7+ 28. Qd2 Qxd2+ 29. Kxd2 Rxf3 30. b3 b4 31. Rh4 a5 32. Rh2
Rc3 33. Kd1 a4 34. bxa4 Ra3 35. Rh4 Rxa4 {White forfeits on time} 0-1

[Event "ICC tourney 2128 (3 2)"]
[Site "Internet Chess Club"]
[Date "2020.11.13"]
[Round "10"]
[White "jpbaligad"]
[Black "Adityaki05"]
[Result "1-0"]
[ICCResult "Black checkmated"]
[WhiteElo "1362"]
[BlackElo "1344"]
[Opening "Robatsch (modern) defense"]
[ECO "B06"]
[NIC "KF.05"]
[Time "22:05:50"]
[TimeControl "180+2"]

1. e4 g6 2. d4 Bg7 3. c4 e6 4. Nc3 Ne7 5. f3 d5 6. cxd5 exd5 7. e5 O-O 8.
Bg5 c5 9. f4 cxd4 10. Qxd4 Be6 11. Nf3 Nbc6 12. Qd2 h6 13. Bxe7 Nxe7 14. Bd3
Nc6 15. Nb5 a6 16. Nd6 Rb8 17. O-O Bg4 18. Rae1 Bxf3 19. Rxf3 Nd4 20. Rg3
Qd7 21. Bxg6 fxg6 22. Qxd4 Kh7 23. Qd3 Rxf4 24. Qxg6+ Kh8 25. e6 Qe7 26.
Nf7+ Rxf7 27. Qxf7 Qxf7 28. exf7 Bxb2 29. Re8+ Rxe8 30. fxe8=Q+ Kh7 31. Qg8#
{Black checkmated}
1-0

[Event "ICC tourney 2128 (3 2)"]
[Site "Internet Chess Club"]
[Date "2020.11.13"]
[Round "10"]
[White "SBomm18"]
[Black "A4-H5"]
[Result "1-0"]
[ICCResult "Black forfeits on time"]
[WhiteElo "1795"]
[BlackElo "1831"]
[Opening "Sicilian: Nimzovich-Rubinstein variation"]
[ECO "B29"]
[NIC "SI.43"]
[Time "22:05:56"]
[TimeControl "180+2"]

1. e4 c5 2. Nf3 Nf6 3. d3 d5 4. exd5 Nxd5 5. g3 Nc6 6. Bg2 Bg4 7. h3 Bh5 8.
g4 Bg6 9. Nc3 Nxc3 10. bxc3 e6 11. c4 Bd6 12. Be3 O-O 13. Rb1 Rb8 14. Qd2 e5
15. Ng5 Re8 16. h4 Nd4 17. h5 h6 18. hxg6 hxg5 19. gxf7+ Kxf7 20. Bd5+ Kg6
21. Be4+ Kf7 22. Bxg5 Be7 23. Bd5+ Kg6 24. Be4+ Kf7 25. Be3 Qd7 26. Bxd4
exd4 27. Bd5+ Kg6 28. Be4+ Kf7 29. Qf4+ Bf6 30. g5 Re6 31. gxf6 Rxf6 32.
Qxb8 b6 33. Rh8 Ke6 34. Re8+ {Black forfeits on time} 1-0

[Event "ICC tourney 2128 (3 2)"]
[Site "Internet Chess Club"]
[Date "2020.11.13"]
[Round "10"]
[White "stephenwilly"]
[Black "chessfidebullet"]
[Result "1-0"]
[ICCResult "Black checkmated"]
[WhiteElo "1514"]
[BlackElo "1176"]
[Opening "Philidor's defense"]
[ECO "C41"]
[NIC "KP.10"]
[Time "22:06:10"]
[TimeControl "180+2"]

1. e4 e5 2. Nf3 d6 3. Bc4 Bg4 4. Nc3 c6 5. d4 exd4 6. Qxd4 c5 7. Qd5 Be6 8.
Qxb7 Bxc4 9. Qxa8 Qc7 10. Nd5 Qd8 11. Bg5 f6 12. Bf4 a6 13. Qb7 Bb5 14. Nc7+
Kf7 15. Nxb5+ Kg6 16. Nc3 Ne7 17. h4 h6 18. h5+ Kh7 19. O-O-O g5 20. hxg6+
Kxg6 21. Rxd6 Qe8 22. Ne5+ Kh7 23. Rxf6 Kg8 24. Nd5 Nc8 25. Rxa6 Bg7 26. Rg6
Qf8 27. Nf6+ Qxf6 28. Qxc8+ Kh7 29. Rhxh6+ Bxh6 30. Qc7+ Bg7 31. Rh6+ Kg8
32. Rxf6 Bxf6 33. Qf7# {Black checkmated} 1-0

[Event "ICC tourney 2128 (3 2)"]
[Site "Internet Chess Club"]
[Date "2020.11.13"]
[Round "10"]
[White "Jeffchess"]
[Black "bopala"]
[Result "0-1"]
[ICCResult "White checkmated"]
[WhiteElo "1340"]
[BlackElo "1420"]
[Opening "Giuoco Piano: four knights variation"]
[ECO "C47"]
[NIC "KP.06"]
[Time "22:05:40"]
[TimeControl "180+2"]

1. e4 e5 2. Nf3 Nc6 3. Nc3 Nf6 4. Bc4 Bc5 5. Bxf7+ Kxf7 6. Nxe5+ Nxe5 7. d4
Bxd4 8. Qxd4 d6 9. f4 Nc6 10. Qf2 Re8 11. O-O Nxe4 12. Qf3 Nxc3 13. Qxc3 Kg8
14. Rf3 Qf6 15. Qa3 Qd4+ 16. Be3 Qf6 17. Raf1 Nd4 18. Bxd4 Qxd4+ 19. Kh1 Be6
20. f5 Bf7 21. Rg3 Bc4 22. f6 Qxf6 23. Rgf3 Qe6 24. Rg1 Bd5 25. Rd3 Qe4 26.
h3 Qg6 27. Rg3 Qf6 28. Qd3 Bc6 29. Rf1 Qe6 30. h4 Qe2 31. Qc3 Qxf1+ 32. Kh2
Qf7 33. Kh3 Re7 34. Rg5 Rae8 35. g3 Re3 36. Qd2 Qf1+ 37. Kg4 Bd7+ 38. Kh5
Qf7+ 39. Rg6 Qxg6# {White checkmated} 0-1

[Event "ICC tourney 2128 (3 2)"]
[Site "Internet Chess Club"]
[Date "2020.11.13"]
[Round "10"]
[White "Tombstone"]
[Black "Mozart1"]
[Result "1/2-1/2"]
[ICCResult "White stalemated"]
[WhiteElo "1734"]
[BlackElo "1676"]
[Opening "Queen's gambit declined"]
[ECO "D30"]
[NIC "QP.08"]
[Time "22:05:42"]
[TimeControl "180+2"]

1. d4 d5 2. c4 e6 3. Nf3 Nf6 4. g3 Bd6 5. Bg2 c6 6. O-O O-O 7. Qc2 b6 8.
Nbd2 Nbd7 9. e4 dxe4 10. Nxe4 Nxe4 11. Qxe4 Bb7 12. Ne5 Nxe5 13. dxe5 Be7
14. Be3 Qc7 15. Rac1 Rab8 16. c5 bxc5 17. Bxc5 Bxc5 18. Rxc5 Qb6 19. Qc2
Rfd8 20. Rc1 g6 21. b3 Rbc8 22. Bxc6 Bxc6 23. Rxc6 Rxc6 24. Qxc6 Qa5 25. Qc7
Rd1+ 26. Kg2 Qd5+ 27. Kh3 Rd2 28. Qb8+ Kg7 29. Qxa7 Qf3 30. Qe3 Qxe3 31.
fxe3 Rxa2 32. Rb1 Kf8 33. b4 Ra4 34. b5 Ke8 35. b6 Ra8 36. b7 Rb8 37. Kg4 h6
38. Kf4 Kd7 39. Ke4 Kc6 40. Kd4 Rxb7 41. Rxb7 Kxb7 42. Kc5 Kc7 43. e4 Kc8
44. Kc6 Kd8 45. Kd6 Ke8 46. Kc7 Ke7 47. Kc6 Ke8 48. Kd6 Kd8 49. g4 h5 50.
gxh5 gxh5 51. h4 Ke8 52. Kc5 Ke7 53. Kd4 f6 54. exf6+ Kxf6 55. Ke3 Ke5 56.
Kf3 Kd4 57. Kf4 Kd3 58. Ke5 Ke3 59. Kxe6 Kxe4 60. Kf6 Kf4 61. Ke6 Kg4 62.
Ke5 Kxh4 63. Kf4 Kh3 64. Kf3 h4 65. Kf2 Kg4 66. Kg2 h3+ 67. Kh2 Kh4 68. Kh1
Kg3 69. Kg1 h2+ 70. Kh1 Kh3 {White stalemated} 1/2-1/2

[Event "ICC tourney 2128 (3 2)"]
[Site "Internet Chess Club"]
[Date "2020.11.13"]
[Round "10"]
[White "PearsonH"]
[Black "ChessStar22"]
[Result "0-1"]
[ICCResult "White checkmated"]
[WhiteElo "1403"]
[BlackElo "1322"]
[Opening "Caro-Kann: Tartakower (Nimzovich) variation"]
[ECO "B15"]
[NIC "CK.06"]
[Time "22:05:48"]
[TimeControl "180+2"]

1. d4 c6 2. e4 d5 3. Nc3 dxe4 4. Nxe4 Nf6 5. Nxf6+ exf6 6. Bd3 Qxd4 7. Nf3
Qd8 8. O-O Be7 9. Re1 O-O 10. Bf4 Bg4 11. h3 Bxf3 12. Qxf3 Re8 13. Rad1 Qb6
14. Bc4 Na6 15. Rd7 Kf8 16. Bd6 Nb8 17. Bxe7+ Kg8 18. Rd2 Qc7 19. Rde2 Nd7
20. Bb4 Rxe2 21. Qxe2 g6 22. Bd2 Qe5 23. Qxe5 Nxe5 24. Bb3 b6 25. Bc3 Re8
26. Bxe5 Rxe5 27. Kh2 Rxe1 28. Ba4 b5 29. Bb3 a5 30. a4 bxa4 31. Bxa4 Rb1
32. b3 Rc1 33. c4 Rb1 34. Kg3 Kf8 35. f4 Ke7 36. Kf3 Kd6 37. g4 g5 38. f5 h6
39. Kg3 Ke5 40. Kf3 Rc1 41. Bxc6 Rc3+ 42. Kg2 Rxb3 43. Be8 Rc3 44. Bxf7 a4
45. c5 Rxc5 46. Kg3 Rc2 47. h4 a3 48. hxg5 hxg5 49. Bg8 a2 50. Bxa2 Rxa2 51.
Kf3 Ra3+ 52. Kg2 Kf4 53. Kf2 Ra2+ 54. Kf1 Ke3 55. Ke1 Ra1# {White
checkmated} 0-1

[Event "ICC tourney 2128 (3 2)"]
[Site "Internet Chess Club"]
[Date "2020.11.13"]
[Round "10"]
[White "ROWLAND"]
[Black "VincentT2008"]
[Result "0-1"]
[ICCResult "White forfeits on time"]
[WhiteElo "1423"]
[BlackElo "1340"]
[Opening "Scotch game"]
[ECO "C45"]
[NIC "SO.04"]
[Time "22:05:51"]
[TimeControl "180+2"]

1. e4 e5 2. Nf3 Nc6 3. d4 exd4 4. Nxd4 Qf6 5. Be3 Bc5 6. c3 Nge7 7. Bc4 Bb6
8. O-O O-O 9. f4 d6 10. Kh1 Na5 11. Bb5 c6 12. Ba4 d5 13. Bc2 dxe4 14. Bxe4
Nf5 15. Qh5 g6 16. Qf3 Nxe3 17. Qxe3 Nc4 18. Qf2 Re8 19. Bd3 Ne3 20. Re1
Bxd4 21. cxd4 Qxd4 22. Nc3 Bd7 23. Bc2 Nxc2 24. Qxc2 Bf5 25. Qa4 Qxa4 26.
Nxa4 Rad8 27. Rad1 Rxe1+ 28. Rxe1 Rd2 29. a3 b5 30. Nc5 Rxb2 31. h3 Ra2 32.
Re3 Rc2 33. Nb3 c5 34. Re5 c4 35. Nd4 Rc1+ 36. Kh2 c3 37. Rxb5 c2 38. Rc5
Rd1 39. Nxc2 Rc1 40. Rc7 Rxc2 41. Rxa7 Be4 42. Kg3 Rxg2+ 43. Kh4 h6 44. Ra5
Kg7 45. a4 Bd3 46. Rd5 Bf5 47. a5 Rh2 48. Kg3 Rxh3+ 49. Kg2 Ra3 50. Kf2 Be4
51. Rc5 h5 52. Ke2 h4 53. Kd2 h3 54. Kc1 h2 55. Kb2 Ra4 56. Kb3 Rd4 57. a6
h1=Q 58. Ra5 Qd1+ 59. Ka3 Qc1+ {White forfeits on time} 0-1

[Event "ICC tourney 2128 (3 2)"]
[Site "Internet Chess Club"]
[Date "2020.11.13"]
[Round "11"]
[White "Adityaki05"]
[Black "ChessStar22"]
[Result "0-1"]
[ICCResult "White resigns"]
[WhiteElo "1323"]
[BlackElo "1343"]
[Opening "Benko's opening"]
[ECO "A00"]
[NIC "VO.09"]
[Time "22:16:17"]
[TimeControl "180+2"]

1. g3 c6 2. Bg2 d5 3. e3 Nf6 4. Ne2 Bg4 5. d4 e6 6. O-O c5 7. c4 cxd4 8.
exd4 Nc6 9. cxd5 Nxd5 10. Nbc3 Nxc3 11. bxc3 Qc7 12. Bf4 Bd6 13. Qd2 Bxe2
14. Bxd6 Qxd6 15. Qxe2 O-O 16. Rac1 Rac8 17. Rfd1 Qe7 18. c4 Rfd8 19. d5
exd5 20. Qxe7 Nxe7 21. Bxd5 Nxd5 22. Rxd5 Rxd5 23. Kg2 Rdc5 24. a4 Rxc4 25.
Rxc4 Rxc4 26. a5 Ra4 {White resigns} 0-1

[Event "ICC tourney 2128 (3 2)"]
[Site "Internet Chess Club"]
[Date "2020.11.13"]
[Round "11"]
[White "stephenwilly"]
[Black "Tombstone"]
[Result "1-0"]
[ICCResult "Black checkmated"]
[WhiteElo "1539"]
[BlackElo "1709"]
[Opening "Sicilian: Smith-Morra gambit"]
[ECO "B21"]
[NIC "SI.47"]
[Time "22:16:17"]
[TimeControl "180+2"]

1. e4 c5 2. d4 cxd4 3. c3 Nf6 4. e5 Nd5 5. cxd4 Nc6 6. Bc4 Nb6 7. Bb3 d6 8.
exd6 Qxd6 9. Nc3 Qxd4 10. Qe2 Bf5 11. Nf3 Qd7 12. Bf4 e6 13. Rd1 Qc8 14. Nb5
a6 15. Nc7+ Ke7 16. Bd6+ Kf6 17. Be5+ Ke7 18. Nxa8 Nxa8 19. O-O f6 20. Bd6+
Kf7 21. Rfe1 Bxd6 22. Rxd6 Nc7 23. Nh4 Bg6 24. Rxe6 Nd4 25. Re7+ Kf8 26. Qc4
Nxb3 27. Nxg6+ hxg6 28. Qf7# {Black checkmated} 1-0

[Event "ICC tourney 2128 (3 2)"]
[Site "Internet Chess Club"]
[Date "2020.11.13"]
[Round "11"]
[White "Kinawa"]
[Black "Jeffchess"]
[Result "1-0"]
[ICCResult "Black checkmated"]
[WhiteElo "1389"]
[BlackElo "1326"]
[Opening "Sicilian defense"]
[ECO "B32"]
[NIC "SI.31"]
[Time "22:16:16"]
[TimeControl "180+2"]

1. e4 c5 2. Nf3 Nc6 3. d4 e6 4. c4 cxd4 5. Nxd4 Qc7 6. Nc3 Nf6 7. Be2 Nxd4
8. Qxd4 Bc5 9. Qd1 h5 10. O-O Ng4 11. g3 h4 12. Nb5 hxg3 13. Nxc7+ Kd8 14.
Bxg4 Rxh2 15. Be3 Bd6 16. Qxd6 f5 17. Nxe6+ Ke8 18. Qf8# {Black checkmated}
1-0

[Event "ICC tourney 2128 (3 2)"]
[Site "Internet Chess Club"]
[Date "2020.11.13"]
[Round "11"]
[White "chessfidebullet"]
[Black "ROWLAND"]
[Result "0-1"]
[ICCResult "White checkmated"]
[WhiteElo "1170"]
[BlackElo "1429"]
[Opening "Philidor: exchange variation"]
[ECO "C41"]
[NIC "KP.08"]
[Time "22:16:21"]
[TimeControl "180+2"]

1. e4 e5 2. Nf3 d6 3. d4 exd4 4. Nxd4 Nf6 5. Nc3 Be7 6. Be3 O-O 7. Be2 d5 8.
exd5 Nxd5 9. Qd2 Nxe3 10. fxe3 Bg5 11. O-O Re8 12. Rf3 c5 13. Nb3 Qxd2 14.
Nxd2 Bxe3+ 15. Kf1 Bxd2 16. Nd5 Bg4 17. Nc7 Nc6 18. Nxa8 Bxf3 19. Bxf3 Rxa8
20. Rd1 Rd8 21. Bxc6 bxc6 22. Ke2 Bg5 23. Rd3 c4 24. Rc3 Rd2+ 25. Kf1 Rd4
26. b3 cxb3 27. Rxb3 g6 28. Ra3 Be3 29. Rxe3 Rd2 30. Re2 Rxe2 31. Kxe2 f5
32. Ke3 Kf7 33. Kd4 Ke6 34. c4 f4 35. Ke4 g5 36. g3 fxg3 37. hxg3 h5 38. Kd4
Kd6 39. c5+ Ke6 40. Ke4 h4 41. Kf3 h3 42. g4 Kd5 43. Kg3 Kxc5 44. Kxh3 Kd4
45. Kg3 Ke3 46. Kg2 Ke2 47. Kg3 c5 48. Kg2 c4 49. Kg1 c3 50. Kg2 c2 51. Kg3
c1=Q 52. Kh3 Qg1 53. a4 Kf3 54. a5 Qh1# {White checkmated} 0-1

[Event "ICC tourney 2128 (3 2)"]
[Site "Internet Chess Club"]
[Date "2020.11.13"]
[Round "11"]
[White "ranu540"]
[Black "PearsonH"]
[Result "0-1"]
[ICCResult "White checkmated"]
[WhiteElo "1155"]
[BlackElo "1406"]
[Opening "French: exchange, Svenonius variation"]
[ECO "C01"]
[NIC "FR.01"]
[Time "22:16:34"]
[TimeControl "180+2"]

1. e4 e6 2. d4 d5 3. exd5 exd5 4. Nc3 Nf6 5. Bg5 Be7 6. Nf3 O-O 7. Bd3 c6 8.
O-O Bg4 9. h3 Bh5 10. Bf5 Bg6 11. Qd3 Bxf5 12. Qxf5 Nbd7 13. Ne5 Nxe5 14.
dxe5 Nd7 15. Bxe7 Qxe7 16. Rfe1 Rfe8 17. Re3 Qe6 18. Qxe6 Rxe6 19. Rae1 Rae8
20. f4 d4 21. Rd3 c5 22. Nb5 Rc8 23. Nd6 Rc7 24. c3 dxc3 25. Rxc3 f6 26. Nb5
Rc8 27. Nxa7 Ra8 28. Ra3 fxe5 29. fxe5 Rxe5 30. Rxe5 Nxe5 31. Nb5 Rxa3 32.
Nxa3 Nd3 33. Nc4 b5 34. Nd6 Nxb2 35. Nb7 c4 36. Nd6 c3 37. Nxb5 c2 38. Na3
c1=Q+ 39. Kf2 Qf4+ 40. Ke2 Qe4+ 41. Kd2 Nc4+ 42. Kc3 Nxa3 43. Kb3 Nb5 44.
Kb2 Qxg2+ 45. Kb3 Qxh3+ 46. Ka4 Qa3+ 47. Kxb5 Qxa2 48. Kc6 Qa5 49. Kd6 Kf8
50. Ke6 Qc5 51. Kd7 g5 52. Ke6 g4 53. Kf6 g3 54. Ke6 g2 55. Kd7 g1=Q 56. Ke6
Qge3+ 57. Kd7 Qee7# {White checkmated} 0-1

[Event "ICC tourney 2128 (3 2)"]
[Site "Internet Chess Club"]
[Date "2020.11.13"]
[Round "11"]
[White "VincentT2008"]
[Black "smashattack"]
[Result "1-0"]
[ICCResult "Black resigns"]
[WhiteElo "1363"]
[BlackElo "1489"]
[Opening "QGD: Grau (Sahovic) defense"]
[ECO "D06"]
[NIC "QP.08"]
[Time "22:16:39"]
[TimeControl "180+2"]

1. d4 d5 2. c4 Bf5 3. Nc3 e6 4. cxd5 exd5 5. Qb3 Nc6 6. Nf3 Nf6 7. Qxb7 Nb4
8. e4 dxe4 9. Bb5+ Bd7 10. Bxd7+ Nxd7 11. Qxe4+ Be7 12. O-O O-O 13. a3 Nf6
14. Qe2 Nbd5 15. Nxd5 Nxd5 16. Be3 Nxe3 17. fxe3 Bf6 18. Rac1 Re8 19. Rfe1
Qd7 20. Qc4 Rac8 21. e4 Qg4 22. e5 Bg5 23. Nxg5 Qxg5 24. Rf1 Rf8 25. Qd3 c5
26. dxc5 Qxe5 27. Qc3 Qg5 28. b4 Rfe8 29. Qc4 Qe3+ 30. Kh1 Rc7 31. Qf4 Qe7
32. Qd6 h6 33. Qxe7 Rexe7 34. h3 Re3 35. Rf3 Re2 36. Kh2 Rb2 37. Rd3 Kh7 38.
c6 Re7 39. c7 Ree2 40. Rg3 Rec2 41. c8=Q Rxc8 42. Rxc8 {Black resigns} 1-0

[Event "ICC tourney 2128 (3 2)"]
[Site "Internet Chess Club"]
[Date "2020.11.13"]
[Round "11"]
[White "Mozart1"]
[Black "ritterfork"]
[Result "0-1"]
[ICCResult "White resigns"]
[WhiteElo "1661"]
[BlackElo "1487"]
[Opening "Sicilian: dragon, Yugoslav attack, Rauser variation"]
[ECO "B76"]
[NIC "SI.17"]
[Time "22:16:36"]
[TimeControl "180+2"]

1. e4 c5 2. Nf3 d6 3. d4 cxd4 4. Nxd4 Nf6 5. Nc3 g6 6. Be3 Bg7 7. f3 Nc6 8.
Qd2 O-O 9. O-O-O d5 10. Nxc6 bxc6 11. exd5 cxd5 12. Bd4 Qa5 13. Bb5 Rb8 14.
Ba4 Be6 15. g4 Rfc8 16. Bb3 Nd7 17. Bxg7 Kxg7 18. Nxd5 Nc5 19. Qd4+ f6 20.
Kb1 Nxb3 21. axb3 Rd8 22. Nf4 Rxd4 23. Nxe6+ Kf7 24. Nxd4 Rd8 25. Nc6 Rxd1+
26. Rxd1 Qb6 27. Nd4 Qb8 28. Rd2 Qf4 29. Kc1 e5 30. Nc6 Qxf3 31. Nxa7 Qf1+
32. Rd1 Qf4+ 33. Rd2 Qxg4 34. Nc6 h5 35. b4 Qg1+ 36. Rd1 Qxh2 37. b5 Qf4+
38. Kb1 Qa4 39. Rd7+ Ke6 40. Re7+ Kd6 41. Rb7 h4 42. b3 Qe4 43. Na5 Qe1+ 44.
Kb2 Qxa5 45. Rh7 Qxb5 46. Rxh4 g5 47. Rh6 Ke6 48. Kc3 Qc5+ 49. Kd3 Qd4+ 50.
Ke2 g4 51. Kf1 Qe3 52. Kg2 Qxh6 {White resigns} 0-1